 Dungeon Crawl Stone Soup version 0.19-a0-1457-g32fba05 (webtiles) character file.

326 Drak the Vandal (level 6, 0/41 HPs)
             Began as a Halfling Fighter on Sept 6, 2016.
             Succumbed to a kobold's poison
             ... on level 4 of the Dungeon.
             The game lasted 00:11:35 (3731 turns).

Drak the Vandal (Halfling Fighter)                  Turns: 3731, Time: 00:11:35

Health: 0/41       AC: 12    Str: 18    XL:     6   Next: 78%
Magic:  6/6        EV: 16    Int:  6    God:
Gold:   169        SH:  0    Dex: 20    Spells: 0 memorised, 5 levels left

rFire  + . .     SeeInvis .     a - +0 rapier
rCold  . . .     Gourm    .     m - +3 chain mail {rF+}
rNeg   . . .     Faith    .     (shield restricted)
rPois  .         Spirit   .     (no helmet)
rElec  .         Dismiss  .     (no cloak)
rCorr  .         Reflect  .     (no gloves)
MR     .....     Harm     .     (no boots)
Stlth  ..........               (no amulet)
                                (no ring)
                                (no ring)

@: agile, lethally poisoned (0 -> -4), flying
A: mutation resistance 1
a: no special abilities


You were on level 4 of the Dungeon.
You were not hungry.

You visited 1 branch of the dungeon, and saw 4 of its levels.

You collected 169 gold pieces.

Inventory:

Hand Weapons
 a - a +0 rapier (weapon)
 b - a +0 hunting sling
Missiles
 g - 13 curare-tipped needles
 r - 90 stones (quivered)
Armour
 c - a +0 shield
 m - a +3 chain mail of fire resistance (worn)
Scrolls
 d - a scroll of remove curse
 i - a scroll of amnesia
 k - 2 scrolls of fear
 q - a scroll of immolation {unknown}
 t - a scroll of identify
Potions
 n - a potion of flight
 p - a potion of might
Comestibles
 f - a bread ration
 h - 3 meat rations
 j - 3 fruits
 l - a slice of pizza
 o - a royal jelly
 s - 4 chunks of flesh


   Skills:
 - Level 2.6 Fighting
 + Level 4.3 Short Blades
 - Level 6.4 Slings
 - Level 3.2 Armour
 - Level 3.1 Dodging
 - Level 3.2 Shields


You had 5 spell levels left.
You didn't know any spells.

Dungeon Overview and Level Annotations

Branches:
Dungeon (4/15)
 Temple: D:4-7

Altars:


Innate Abilities, Weirdness & Mutations

You are small and have problems with some larger weapons.
You are somewhat resistant to further mutation.


Message History

* * * LOW HITPOINT WARNING * * *
You feel sick.
There is a stone staircase leading down here.
You fly downwards.
An adder comes into view.
* * * LOW HITPOINT WARNING * * *
You feel sick.
The adder hisses angrily.
Found an iron ring.
There is a stone staircase leading up here.
* * * LOW HITPOINT WARNING * * *
You feel sick.
Found a dagger.
Found 15 gold pieces.
A ball python comes into view.
* * * LOW HITPOINT WARNING * * *
You feel sick.
The ball python hisses angrily.
Okay, then.
You die...

...... #...#....
##..##....
#######.$.......
.##...<.#.........
.........#.....)..#
..........#......#
..##......##=....#
. #....S.#@.....#
................#
.................#
.##...............
#....S#.........
+......#..##....
#......##..#....
#...... .......
#...... .#....


You could see an adder and a ball python.

Vanquished Creatures
  A howler monkey (D:3)
  2 orc priests (D:3)
  An orc wizard (D:3)
  Ijyb (D:3)
  Jessica (D:3)
  4 adders
  An ooze (D:3)
  4 worms (D:2)
  2 dart slugs
  3 giant geckos
  14 orcs (D:3)
  5 bats
  3 giant cockroaches
  9 goblins
  7 hobgoblins
  3 jackals (D:2)
  A ball python (D:1)
  2 giant newts
  8 kobolds
  A quokka skeleton (D:3)
  12 rats
85 creatures vanquished.

Notes
Turn   | Place    | Note
-------+----------+-------------------------------------------
     0 | D:1      | Drak the Halfling Fighter began the quest for the Orb.
     0 | D:1      | Reached XP level 1. HP: 15/15 MP: 1/1
   164 | D:1      | Reached XP level 2. HP: 16/20 MP: 2/2
   651 | D:2      | Found a faded altar of an unknown god.
   655 | D:2      | Reached XP level 3. HP: 25/25 MP: 3/3
   933 | D:2      | Reached skill level 1 in Dodging
  1230 | D:2      | Reached XP level 4. HP: 23/30 MP: 4/4
  1752 | D:2      | Found a faded altar of an unknown god.
  2556 | D:3      | Noticed Ijyb
  2575 | D:3      | Killed Ijyb
  2575 | D:3      | Reached skill level 1 in Slings
  2575 | D:3      | Reached XP level 5. HP: 35/35 MP: 5/5
  2612 | D:3      | Reached skill level 2 in Slings
  2851 | D:3      | Noticed Jessica
  2860 | D:3      | Killed Jessica
  2860 | D:3      | Reached skill level 3 in Slings
  3033 | D:3      | Reached skill level 4 in Slings
  3033 | D:3      | Reached XP level 6. HP: 30/41 MP: 6/6
  3283 | D:3      | Reached skill level 5 in Slings
  3564 | D:3      | Reached skill level 6 in Slings
  3725 | D:4      | HP: 2/41 [poisoned by a kobold]
  3731 | D:4      | Succumbed to a kobold's poison

Vault maps used:
D:1:      dpeg_arrival_tiny_f, minmay_misc_feat_four_crosses
D:2:      ecumenical_altar_1
D:3:      uniq_iyjb, uniq_jessica
D:4:      lemuel_round_altar, first_bread, kennysheep_decorative_pillar

Skill      XL: |  1  2  3  4  5  6 |
---------------+-------------------+-----
Short Blades   | 3 4 |  4.3
Dodging        | 1 3 |  3.1
Slings         | 1 4 6 |  6.4
Fighting       | |  2.6
Armour         | |  3.2
Shields        | |  3.2

Action                   |  1- 3 |  4- 6 || total
-------------------------+-------+-------++-------
Melee: Rapier            |   121 |   193 ||   314
 Fire: Hunting sling     |       |    33 ||    33
  Use: Scroll            |     4 |     2 ||     6
       Potion            |       |     3 ||     3
  Eat: Chunk             |     1 |     8 ||     9
Armor: Scale mail        |    53 |    20 ||    73
       Chain mail        |       |    48 ||    48
Dodge: Dodged            |    85 |   114 ||   199
